[Event "Titled Tuesday Blitz August 15 Late 2023"]
[White "Sivakumar, Shaaketh"]
[Black "dr_tatiana"]
[WhiteFideId "30940176"]
[WhiteElo "2610"]
[BlackElo "2441"]
[Result "0-1"]
[Round "3"]
[TimeControl "180+1"]
[Date "2023.08.15"]
[WhiteClock "0:00:02"]
[BlackClock "0:00:04"]
[Board "78"]

1. e4 d5 2. exd5 Qxd5 3. Nf3 Bg4 4. Be2 Nc6 5. d4 O-O-O 6. c4 Qf5 7. Be3 Bxf3 8. Bxf3 Nxd4 9. Bxd4 Qe6+ 10. Be2 Qe4 11. Nc3 Qxd4 12. Qa4 Qc5 13. O-O e6 14. b4 Qxb4 15. Qxa7 Qxc3 16. Rab1 Bd6 17. Qxb7+ Kd7 18. Rfc1 Qe5 19. Bf3 Ke7 20. g3 Nf6 21. Rb5 Rb8 22. Qc6 Rxb5 23. cxb5 Rb8 24. a4 h5 25. Qc4 g6 26. Bc6 Kf8 27. a5 Nd5 28. a6 Nb6 29. a7 Rd8 30. Qh4 Be7 31. Qh3 Bc5 32. Qg2 Qd4 33. h4 Kg7 34. a8=Q Nxa8 35. Bxa8 Rxa8 36. Qxa8 Qxf2+ 37. Kh1 Qxg3 38. Qe4 Bd6 39. Rc2 Qb3 40. Qc4 Qf3+ 41. Kg1 Qg3+ 42. Kf1 Qh3+ 43. Ke1 Bg3+ 44. Ke2 Qg2+ 45. Kd3 Qf1+ 46. Ke3 Qe1+ 47. Kf3 Bxh4 48. Qxc7 Qh1+ 49. Ke2 Bf6 50. Qc6 Qh2+ 51. Kd3 Qg3+ 52. Kc4 Qa3 53. b6 Qa6+ 54. Kb3 Be7 55. b7 Qa3+ 56. Kc4 Qb4+ 57. Kd3 Qb3+ 58. Qc3+ Qxc3+ 59. Rxc3 Bd6 60. Rc8 h4 61. b8=Q Bxb8 62. Rxb8 g5 63. Ke3 f5 64. Kf3 Kf6 65. Rb5 g4+ 66. Kf4 h3 67. Rb3 e5+ 68. Kg3 Kg5 69. Rb8 f4+ 70. Kf2 Kf5 71. Rf8+ Ke4 72. Rg8 g3+ 73. Ke2 h2 74. Rh8 g2 75. Kf2 g1=Q+ 76. Ke2 h1=Q 77. Rh3 Qhg2# 0-1


[Site "https://www.chess.com"]

[Event "Titled Tuesday Blitz August 15 Late 2023"]
[White "Buchenau, Frank"]
[Black "Principe, Alexander"]
[WhiteFideId "4604350"]
[BlackFideId "3804542"]
[WhiteElo "2436"]
[BlackElo "2609"]
[Result "0-1"]
[Round "3"]
[TimeControl "180+1"]
[Date "2023.08.15"]
[WhiteClock "0:00:00"]
[BlackClock "0:00:13"]
[Board "79"]

1. e4 e6 2. d4 d5 3. Nc3 Bb4 4. Ne2 Ne7 5. a3 Bxc3+ 6. Nxc3 c5 7. dxc5 Nbc6 8. exd5 exd5 9. Bd3 O-O 10. O-O a5 11. Qh5 g6 12. Qh4 Bf5 13. Bg5 Qd7 14. Bf6 h5 15. Qg5 Kh7 16. Rad1 Rfe8 17. Bxf5 Qxf5 18. Qxf5 Nxf5 19. Rxd5 Re6 20. Bg5 Ncd4 21. Rd7 Kg7 22. Rxb7 Rc8 23. Be3 Nxc2 24. Na4 Ncxe3 25. fxe3 Rxe3 26. Rd1 Re2 27. Rdd7 Rce8 28. Rxf7+ Kh6 29. Rh7+ Kg5 30. Nc3 Rd2 31. h3 Nh4 32. Rbd7 Rxg2+ 33. Kf1 Rxb2 34. Rhe7 Rf8+ 35. Rf7 Rxf7+ 36. Rxf7 Nf5 37. c6 Rc2 38. Ne4+ Kf4 39. Nd6 Kf3 40. Ke1 Ke3 41. Nxf5+ gxf5 42. Kd1 Rc5 43. c7 Kf4 44. Rh7 Kg5 0-1


[Site "https://www.chess.com"]

[Event "Titled Tuesday Blitz August 15 Late 2023"]
[White "Wieczorek, Oskar"]
[Black "Miszler, Levente"]
[WhiteFideId "1133950"]
[BlackFideId "763276"]
[WhiteElo "2606"]
[BlackElo "2435"]
[Result "1-0"]
[Round "3"]
[TimeControl "180+1"]
[Date "2023.08.15"]
[WhiteClock "0:00:11"]
[BlackClock "0:01:10"]
[Board "80"]

1. e4 e6 2. b3 d5 3. Bb2 Nf6 4. e5 Nfd7 5. Qg4 c5 6. Nf3 Nc6 7. Bb5 Qc7 8. O-O a6 9. Bxc6 Qxc6 10. d3 b6 11. Re1 Bb7 12. c4 O-O-O 13. Nc3 Kb8 14. Rac1 h5 15. Qf4 g5 16. Qxf7 dxc4 17. dxc4 g4 18. Nh4 Bh6 19. Rcd1 Rhf8 20. Qxh5 Bd2 21. Rxd2 Rh8 22. Qg5 Rxh4 23. Qxd8+ Ka7 24. Ne4 g3 25. Qxd7 Rxe4 26. Rf1 gxh2+ 27. Kh1 Re1 28. Qxc6 Rxf1+ 29. Kxh2 Bxc6 30. f3 b5 31. Rd6 Kb7 32. Kg3 bxc4 33. bxc4 Rb1 34. Ba3 Rc1 35. Bxc1 1-0


[Site "https://www.chess.com"]

[Event "Titled Tuesday Blitz August 15 Late 2023"]
[White "financieru"]
[Black "Altman, Joshua"]
[BlackFideId "426210"]
[WhiteElo "2433"]
[BlackElo "2602"]
[Result "0-1"]
[Round "3"]
[TimeControl "180+1"]
[Date "2023.08.15"]
[WhiteClock "0:00:08"]
[BlackClock "0:00:09"]
[Board "81"]

1. d4 e6 2. c4 Nf6 3. Nc3 Bb4 4. f3 d5 5. a3 Bxc3+ 6. bxc3 O-O 7. e3 b6 8. cxd5 exd5 9. Bd3 c5 10. Ne2 Re8 11. O-O Ba6 12. Bxa6 Nxa6 13. g4 h6 14. Ng3 Nc7 15. Ra2 Qd7 16. h4 Ne6 17. Rh2 Rac8 18. Kg2 cxd4 19. cxd4 Rc3 20. Rfh1 Qc7 21. g5 Rc2+ 22. Bd2 Nh7 23. gxh6 gxh6 24. Nf5 Kh8 25. Nxh6 f6 26. Kh3 Rc8 27. Rg1 Qd7 28. Ng4 Ng7 29. Rhg2 Nh5 30. e4 dxe4 31. Bh6 Rxg2 32. Rxg2 Rc3 33. d5 Rxf3+ 34. Kh2 Qd6+ 35. Kg1 Ng3 36. Qc1 Rf1+ 37. Qxf1 Nxf1 38. Kxf1 Qxd5 39. Rd2 Qf5+ 40. Ke1 Qxg4 41. Rd8+ Nf8 42. Rxf8+ Kh7 43. Be3 Qg3+ 44. Kd2 Qg2+ 45. Kc3 Qf3 46. Kd4 f5 47. Rf7+ Kg6 48. Rxa7 f4 49. Bg1 Qd3+ 50. Ke5 e3 51. Kxf4 e2 52. Re7 Qd6+ 53. Kf3 Qxe7 54. Be3 e1=Q 0-1


[Site "https://www.chess.com"]

[Event "Titled Tuesday Blitz August 15 Late 2023"]
[White "Ibadov, Dashgyn"]
[Black "Manukian, Artak"]
[WhiteFideId "24107514"]
[BlackFideId "13301373"]
[WhiteElo "2601"]
[BlackElo "2431"]
[Result "1/2-1/2"]
[Round "3"]
[TimeControl "180+1"]
[Date "2023.08.15"]
[WhiteClock "0:00:04"]
[BlackClock "0:00:12"]
[Board "82"]

1. e4 c6 2. d4 d5 3. exd5 cxd5 4. Bd3 Nc6 5. c3 e5 6. dxe5 Nxe5 7. Nf3 Nxd3+ 8. Qxd3 Nf6 9. O-O Be7 10. Bg5 O-O 11. Re1 Be6 12. Nbd2 Qd7 13. Nd4 Rfe8 14. Re2 Bg4 15. N2f3 h6 16. Bh4 Bh5 17. Rae1 Bg6 18. Qb5 Qxb5 19. Nxb5 Bc5 20. Bxf6 Rxe2 21. Rxe2 gxf6 22. Nc7 Rd8 23. Rd2 Be4 24. Nb5 Bxf3 25. gxf3 a6 26. Nd4 Kf8 27. Nf5 h5 28. Ne3 Bxe3 29. fxe3 Ke7 30. Kf2 f5 31. Kg3 Ke6 32. Kf4 Rg8 33. Rd4 Rg2 34. Rb4 b5 35. a4 bxa4 36. Rb6+ Ke7 37. Kxf5 Rxh2 38. Rxa6 Rxb2 39. Rxa4 Rb3 40. Ke5 Rxc3 41. Ra7+ Ke8 42. Kd4 Rb3 43. Ra5 h4 44. Rxd5 Ke7 45. Rh5 Kf6 46. f4 Rb4+ 47. Kd3 Rb3+ 48. Ke4 Kg6 49. Rxh4 f5+ 50. Kd4 Rb4+ 51. Kd3 Rb3+ 52. Ke2 Rb2+ 53. Kf3 Rb3 54. Rh3 Kf6 55. Rh6+ Kf7 56. Rc6 Ra3 57. Rb6 Ke7 58. Rb5 Ke6 59. Re5+ Kf6 60. Rd5 Ke6 61. Rd4 Kf6 62. Ke2 Ra2+ 63. Rd2 Ra3 64. Rc2 Rb3 65. Kd2 Ra3 66. Rc3 Ra2+ 67. Kd3 Ra4 68. Rc4 Ra6 69. Kd4 Rd6+ 70. Kc3 Re6 71. Kd3 Rd6+ 72. Rd4 Re6 73. Rd5 Ra6 74. Kd4 Ra4+ 75. Kd3 Ra3+ 76. Kd4 Ra4+ 77. Kc3 Ra3+ 78. Kd2 Ra2+ 79. Kd3 Ra3+ 80. Ke2 Ra2+ 81. Kf3 Ra3 82. Re5 Kg6 83. Ke2 Kf6 84. Kd2 Ra2+ 85. Kc3 Ra3+ 86. Kb4 Rd3 87. Kc4 Rd1 88. Rd5 Re1 89. Rd3 Rc1+ 90. Kd5 Rc8 91. Rb3 Rd8+ 92. Kc6 Rc8+ 93. Kd7 Rc2 94. Rb6+ Kf7 95. Kd6 Kf6 96. Kd5+ Kf7 97. Ke5 Rc5+ 98. Kd4 Rc1 99. Rd6 Ke7 1/2-1/2


[Site "https://www.chess.com"]

[Event "Titled Tuesday Blitz August 15 Late 2023"]
[White "Isajevsky, Anton"]
[Black "Vafin, Ayrat"]
[WhiteFideId "4142500"]
[BlackFideId "4146530"]
[WhiteElo "2597"]
[BlackElo "2430"]
[Result "1-0"]
[Round "3"]
[TimeControl "180+1"]
[Date "2023.08.15"]
[WhiteClock "0:00:14"]
[BlackClock "0:00:04"]
[Board "83"]

1. c4 e6 2. Nf3 d5 3. e3 Nf6 4. Nc3 Bd6 5. b3 O-O 6. Bb2 b6 7. Rc1 a6 8. cxd5 exd5 9. g3 Bb7 10. Ne2 Nbd7 11. Bg2 Qe7 12. O-O Rac8 13. Rc2 Ne5 14. Nxe5 Bxe5 15. Bxe5 Qxe5 16. d4 Qd6 17. Qc1 c5 18. Qa3 Nd7 19. Rd1 Qg6 20. Rcd2 c4 21. bxc4 Rxc4 22. Nf4 Qg5 23. Qd6 Nf6 24. Qxb6 Bc6 25. Qxa6 h5 26. h4 Qf5 27. Bf1 Rc2 28. Qd3 Qxd3 29. Bxd3 Rc3 30. Rc2 Rxc2 31. Bxc2 Ra8 32. Bb3 Ba4 33. Rc1 Bxb3 34. axb3 Rb8 35. Rb1 g6 36. b4 Rb5 37. f3 Kf8 38. Kf2 Ke7 39. Ke2 Kd6 40. Kd3 Nd7 41. Ne2 Nb6 42. Nc3 1-0


[Site "https://www.chess.com"]

[Event "Titled Tuesday Blitz August 15 Late 2023"]
[White "Farmani Anosheh, Armin"]
[Black "Yang, Cayden"]
[WhiteFideId "24613240"]
[BlackFideId "30967260"]
[WhiteElo "2430"]
[BlackElo "2595"]
[Result "1-0"]
[Round "3"]
[TimeControl "180+1"]
[Date "2023.08.15"]
[WhiteClock "0:00:18"]
[BlackClock "0:00:09"]
[Board "84"]

1. e4 c5 2. Nf3 d6 3. Bb5+ Nd7 4. d4 cxd4 5. Qxd4 a6 6. Bxd7+ Bxd7 7. c4 Nf6 8. Nc3 e5 9. Qd3 h6 10. a4 Be7 11. O-O O-O 12. h3 Rc8 13. Bd2 Qb6 14. a5 Qc7 15. b3 Rfd8 16. Be3 Qb8 17. Rfd1 Bc6 18. Nh4 Bf8 19. Nf5 Kh8 20. Bb6 Rd7 21. Ne3 Be7 22. Ncd5 Nxd5 23. exd5 g6 24. dxc6 bxc6 25. b4 Qb7 26. b5 Bd8 27. Bxd8 Rcxd8 28. bxc6 Qxc6 29. Qd5 Qc8 30. Rab1 Rc7 31. Rb6 Rc5 32. Qe4 Rxa5 33. Rbxd6 Rf8 34. R1d5 Rxd5 35. Rxd5 a5 36. Qxe5+ Kg8 37. Rxa5 Qd8 38. Qd5 Qb6 39. Ra8 Qb1+ 40. Nf1 Rxa8 41. Qxa8+ Kg7 42. Qd5 Qc2 43. c5 h5 44. c6 h4 45. Qd7 g5 46. c7 Kh6 47. c8=Q Qh7 48. Qd6+ Kg7 49. Qc3+ Kg8 50. Qd8# 1-0


[Site "https://www.chess.com"]

[Event "Titled Tuesday Blitz August 15 Late 2023"]
[White "Ribeiro, Matheus Mendes Domingues"]
[Black "Gamayev, Oleg"]
[WhiteFideId "324226923"]
[BlackFideId "2802813"]
[WhiteElo "2429"]
[BlackElo "2594"]
[Result "1-0"]
[Round "3"]
[TimeControl "180+1"]
[Date "2023.08.15"]
[WhiteClock "0:02:17"]
[BlackClock "0:02:28"]
[Board "85"]

1. c4 d6 2. Nc3 e5 3. Nf3 Nf6 4. g3 Be7 5. Bg2 c6 6. O-O a5 7. d4 exd4 8. Nxd4 O-O 9. b3 Re8 10. Bb2 Bf8 11. Qc2 Nbd7 12. Rfd1 Qc7 13. Rac1 Nb6 14. Nf5 Bxf5 15. Qxf5 Re6 16. Nd5 Nbxd5 17. cxd5 Rxe2 18. Bxf6 gxf6 19. Qg4+ 1-0


[Site "https://www.chess.com"]

[Event "Titled Tuesday Blitz August 15 Late 2023"]
[White "Krishnan, Varun"]
[Black "WindWhistler11"]
[WhiteFideId "5054508"]
[WhiteElo "2594"]
[BlackElo "2427"]
[Result "0-1"]
[Round "3"]
[TimeControl "180+1"]
[Date "2023.08.15"]
[WhiteClock "0:00:14"]
[BlackClock "0:00:33"]
[Board "86"]

1. d4 d6 2. Nf3 g6 3. c4 Bg7 4. Nc3 Nd7 5. e4 e5 6. Be2 Ne7 7. O-O O-O 8. d5 h6 9. b4 a5 10. bxa5 Rxa5 11. a4 f5 12. Bd2 Ra8 13. a5 Nc5 14. Ne1 fxe4 15. Be3 Bf5 16. Qb1 c6 17. dxc6 Nxc6 18. Bxc5 dxc5 19. Nxe4 Qd4 20. Qxb7 Bxe4 21. Rd1 Qc3 22. f3 Qe3+ 23. Rf2 Nd4 24. Qxe4 Nxe2+ 25. Kf1 Qxe4 26. fxe4 Rxf2+ 27. Kxf2 Nc3 28. Ra1 Nxe4+ 29. Ke2 Nd6 30. a6 Nxc4 31. Ra4 Nb6 32. Ra2 Nd5 33. Nd3 Nc3+ 0-1


[Site "https://www.chess.com"]

[Event "Titled Tuesday Blitz August 15 Late 2023"]
[White "Harriott, Tyrell"]
[Black "luksona14"]
[WhiteFideId "2086484"]
[WhiteElo "2421"]
[BlackElo "2588"]
[Result "1-0"]
[Round "3"]
[TimeControl "180+1"]
[Date "2023.08.15"]
[WhiteClock "0:00:24"]
[BlackClock "0:00:00"]
[Board "87"]

1. d4 Nf6 2. e3 b6 3. f4 Bb7 4. Nf3 e6 5. Bd3 d5 6. O-O Nbd7 7. Nbd2 Ne4 8. Ne5 Ndf6 9. Qf3 Nd6 10. Qh3 Nfe4 11. Ndf3 Be7 12. Bd2 O-O 13. Be1 f6 14. Qxe6+ Kh8 15. Nh4 fxe5 16. Ng6+ hxg6 17. dxe5 Nf5 18. Qxg6 Qe8 19. Qg4 Nh6 20. Qe2 Qg6 21. Rd1 c5 22. c4 dxc4 23. Bxc4 Rad8 24. Bd3 c4 25. Bb1 Rxd1 26. Qxd1 Nf5 27. Qf3 Nh6 28. Bc3 Nxc3 29. Qxb7 Bc5 30. Bxg6 Bxe3+ 31. Kh1 Nb5 32. f5 Bc5 33. f6 Rg8 34. Bf7 Nxf7 35. Qxf7 1-0


[Site "https://www.chess.com"]

[Event "Titled Tuesday Blitz August 15 Late 2023"]
[White "Rego, Pedro Filipe"]
[Black "Manukyan, Sargis A."]
[WhiteFideId "1904310"]
[BlackFideId "13303970"]
[WhiteElo "2420"]
[BlackElo "2586"]
[Result "0-1"]
[Round "3"]
[TimeControl "180+1"]
[Date "2023.08.15"]
[WhiteClock "0:01:34"]
[BlackClock "0:02:20"]
[Board "88"]

1. c4 Nf6 2. Nc3 c5 3. g3 Nc6 4. Bg2 e6 5. e3 Be7 6. Nge2 O-O 7. O-O b6 8. d4 cxd4 9. Nxd4 Bb7 10. Nxc6 Bxc6 11. Bxc6 dxc6 12. b3 Qxd1 13. Rxd1 Rfd8 14. Bb2 Kf8 15. f3 Rxd1+ 16. Rxd1 Rd8 17. Rxd8+ Bxd8 18. Kf2 Nd7 19. Na4 Bf6 20. Bxf6 Nxf6 21. e4 Nd7 22. Ke3 Ke7 23. f4 Kd6 24. Kd4 f6 25. b4 e5+ 26. Kd3 exf4 27. gxf4 g5 28. fxg5 fxg5 29. Kd4 c5+ 30. bxc5+ bxc5+ 31. Ke3 Ne5 32. Nb2 Ng4+ 33. Kf3 Nxh2+ 34. Kg3 Nf1+ 35. Kg4 h6 36. Kf5 Ng3+ 37. Kg6 Nxe4 38. Kxh6 g4 39. Nd3 g3 40. Ne1 Ke5 41. Kh5 Kf4 42. Kh4 Ke3 43. Kg4 Ke2 44. Ng2 Kf2 45. Nh4 Nd2 46. Kf4 Nxc4 47. Ke4 Nd2+ 48. Kd5 c4 49. Kd4 Nf3+ 50. Nxf3 Kxf3 51. Kxc4 g2 0-1


[Site "https://www.chess.com"]

[Event "Titled Tuesday Blitz August 15 Late 2023"]
[White "Szyszylo, Rafal"]
[Black "Graif, William"]
[WhiteFideId "1109626"]
[BlackFideId "2609835"]
[WhiteElo "2419"]
[BlackElo "2577"]
[Result "1-0"]
[Round "3"]
[TimeControl "180+1"]
[Date "2023.08.15"]
[WhiteClock "0:00:11"]
[BlackClock "0:00:00"]
[Board "89"]

1. e4 e5 2. Bc4 Bc5 3. Nc3 d6 4. d3 a6 5. f4 Nc6 6. f5 Bxg1 7. Rxg1 Qh4+ 8. Kf1 Qxh2 9. Qg4 Kf8 10. Be3 h5 11. Qf3 Nf6 12. Nd5 Nxd5 13. Bxd5 h4 14. Kf2 Nd4 15. Bxd4 exd4 16. Rh1 Qe5 17. Rh3 c6 18. Bb3 Bd7 19. Rah1 Qf6 20. Qf4 g5 21. Qg4 Ke7 22. g3 hxg3+ 23. Kxg3 Rxh3+ 24. Rxh3 Qg7 25. Rh5 f6 26. Qh3 Kd8 27. Rh7 g4 28. Qh5 Qg5 29. Qxg5 fxg5 30. Rh8+ Be8 31. Kxg4 Ke7 32. Kxg5 Rd8 33. f6+ Kd7 34. Rh7+ Kc8 35. f7 Bd7 36. Kf6 d5 37. e5 c5 38. e6 Bxe6 39. Kxe6 c4 40. dxc4 dxc4 41. Bxc4 b5 42. Bd5 Rf8 43. Ke7 1-0


[Site "https://www.chess.com"]

[Event "Titled Tuesday Blitz August 15 Late 2023"]
[White "Przybylski, Wojciech"]
[Black "Baghdasaryan, Vahe"]
[WhiteFideId "1117599"]
[BlackFideId "13303139"]
[WhiteElo "2570"]
[BlackElo "2417"]
[Result "1-0"]
[Round "3"]
[TimeControl "180+1"]
[Date "2023.08.15"]
[WhiteClock "0:00:30"]
[BlackClock "0:00:01"]
[Board "90"]

1. d4 d5 2. Nf3 Nf6 3. g3 Bf5 4. Bg2 e6 5. O-O h6 6. c4 Be7 7. Qb3 Nc6 8. Bd2 Rb8 9. Nc3 O-O 10. cxd5 exd5 11. Qa4 a6 12. Rac1 Ne4 13. Bf4 Nxc3 14. Rxc3 Bd6 15. Bxd6 Qxd6 16. Rfc1 Be4 17. e3 Rbc8 18. a3 Ne7 19. Ne5 Bxg2 20. Kxg2 c6 21. Qb3 f6 22. Nd3 Rc7 23. Nc5 Rb8 24. Nxa6 bxa6 25. Qxb8+ Kh7 26. Rb3 Qd7 27. Qb6 Rc8 28. Qxa6 Qf5 29. Qd3 Qxd3 30. Rxd3 Rb8 31. Rd2 Rb3 32. Rc3 Rb5 33. Rdc2 Rb6 34. h4 Kg8 35. Rc5 Kf7 36. Ra5 Ke6 37. Ra7 Kd6 38. Kf1 g5 39. h5 Nf5 40. Rf7 Ke6 41. Rc7 Ne7 42. Ke2 Kd6 43. Ra7 Ke6 44. g4 f5 45. f3 fxg4 46. fxg4 Kd6 47. Ra8 c5 48. dxc5+ 1-0


[Site "https://www.chess.com"]

[Event "Titled Tuesday Blitz August 15 Late 2023"]
[White "Zavgorodniy, Sergiy"]
[Black "Mazurkiewicz, Michal"]
[WhiteFideId "14110148"]
[BlackFideId "1124943"]
[WhiteElo "2568"]
[BlackElo "2414"]
[Result "0-1"]
[Round "3"]
[TimeControl "180+1"]
[Date "2023.08.15"]
[WhiteClock "0:01:47"]
[BlackClock "0:01:57"]
[Board "91"]

1. d4 Nf6 2. c4 e5 3. dxe5 Ng4 4. Nf3 Bc5 5. e3 Nc6 6. b3 O-O 7. Bb2 Re8 8. Nc3 a5 9. Be2 Ncxe5 10. O-O Ra6 11. Nd5 Nxf3+ 12. Bxf3 Nxh2 13. Re1 Nxf3+ 14. Qxf3 Rg6 15. Nf4 Rh6 16. g3 d6 17. Bc3 c6 18. Rad1 Qg5 19. Rd2 Bg4 20. Qg2 Qf5 21. f3 Rxe3 22. Rxe3 Bxe3+ 23. Kf1 Bxd2 24. fxg4 Qb1+ 25. Ke2 Qe1+ 26. Kd3 Qe3+ 27. Kc2 Qxc3+ 28. Kd1 Rh1+ 29. Qxh1 Qc1+ 30. Ke2 Qxh1 0-1


[Site "https://www.chess.com"]

[Event "Titled Tuesday Blitz August 15 Late 2023"]
[White "Klinova, Masha"]
[Black "Francisco Guecamburu, Candela Be"]
[WhiteFideId "2802015"]
[BlackFideId "160911"]
[WhiteElo "2407"]
[BlackElo "2568"]
[Result "1-0"]
[Round "3"]
[TimeControl "180+1"]
[Date "2023.08.15"]
[WhiteClock "0:01:28"]
[BlackClock "0:00:04"]
[Board "92"]

1. e4 c5 2. Nf3 g6 3. c3 d5 4. exd5 Qxd5 5. d4 Bg7 6. Be3 cxd4 7. Bxd4 Nf6 8. Na3 O-O 9. Bc4 Qe4+ 10. Qe2 Qxe2+ 11. Bxe2 Nc6 12. Be3 Nd5 13. Bd2 Bf5 14. O-O Rfd8 15. Rad1 Rac8 16. Rfe1 e5 17. Bc1 Bf8 18. Nc4 f6 19. Ne3 Nxe3 20. Bxe3 Bc2 21. Rxd8 Rxd8 22. Rc1 Be4 23. Nd2 Bd3 24. Bxd3 Rxd3 25. Kf1 Kf7 26. Ke2 Rd5 27. Rd1 Ke6 28. f3 Bc5 29. Bxc5 Rxc5 30. Ne4 Rb5 31. b4 f5 32. Nc5+ Kf6 33. a4 Rb6 34. Nd7+ Ke6 35. Nxb6 axb6 36. b5 Na5 37. Rd8 h5 38. Rg8 Kf7 39. Rc8 Ke6 40. Kd3 Nb3 41. Kc2 Nc5 42. a5 Nd7 43. a6 bxa6 1-0


[Site "https://www.chess.com"]

[Event "Titled Tuesday Blitz August 15 Late 2023"]
[White "Kochiev, Ivan"]
[Black "Balla, Tamas-Kristof"]
[WhiteFideId "2917890"]
[BlackFideId "1208497"]
[WhiteElo "2566"]
[BlackElo "2406"]
[Result "1-0"]
[Round "3"]
[TimeControl "180+1"]
[Date "2023.08.15"]
[WhiteClock "0:00:57"]
[BlackClock "0:00:00"]
[Board "93"]

1. e4 c5 2. Nf3 Nc6 3. d4 cxd4 4. Nxd4 e5 5. Nb5 d6 6. c4 Be7 7. Be2 f5 8. N1c3 a6 9. Na3 Nf6 10. exf5 Bxf5 11. O-O O-O 12. Be3 Qd7 13. Qd2 Rac8 14. Nc2 Ng4 15. Bxg4 Bxg4 16. b3 Qf5 17. Nd5 Qg6 18. Kh1 Rf5 19. f3 Bh5 20. g4 Bxg4 21. fxg4 Qxg4 22. Rxf5 Qxf5 23. Ncb4 Bh4 24. Qg2 Nxb4 25. Nxb4 Rf8 26. Rg1 g6 27. Qxb7 Bf2 28. Rf1 Qh3 29. Rxf2 Rxf2 30. Bxf2 Qf1+ 31. Bg1 1-0


[Site "https://www.chess.com"]

[Event "Titled Tuesday Blitz August 15 Late 2023"]
[White "KorolDimitriy75"]
[Black "Budrewicz, Krzysztof"]
[BlackFideId "1127950"]
[WhiteElo "2406"]
[BlackElo "2566"]
[Result "0-1"]
[Round "3"]
[TimeControl "180+1"]
[Date "2023.08.15"]
[WhiteClock "0:00:00"]
[BlackClock "0:01:19"]
[Board "94"]

1. d4 Nf6 2. c4 g6 3. Nc3 Bg7 4. e4 d6 5. Nf3 O-O 6. Be2 e5 7. dxe5 dxe5 8. Qxd8 Rxd8 9. Bg5 Rf8 10. O-O-O Nbd7 11. Ne1 c6 12. f3 h6 13. Be3 Re8 14. Nc2 Nf8 15. Rd2 Ne6 16. Rhd1 Bf8 17. b3 Kg7 18. Kb2 Bc5 19. Bxc5 Nxc5 20. b4 Ne6 21. c5 Nc7 22. Bc4 Be6 23. Ne3 Bxc4 24. Nxc4 Re7 25. Rd8 Rxd8 26. Rxd8 Ne6 27. Rb8 Nd4 28. Na5 b6 29. cxb6 axb6 30. Rxb6 Rc7 31. Rb7 Rc8 32. a4 Nh5 33. Nb3 Nf4 34. Nc5 Nxg2 35. a5 Ne3 36. a6 Nc4+ 37. Ka2 Nd6 38. Rb6 Nc4 39. Rb7 Nd6 40. Rb6 Nxf3 41. Ka3 Nd4 42. Ka4 g5 0-1


[Site "https://www.chess.com"]

[Event "Titled Tuesday Blitz August 15 Late 2023"]
[White "Gasparyan, David"]
[Black "Todorovic, Bojan"]
[WhiteFideId "13311980"]
[BlackFideId "917087"]
[WhiteElo "2565"]
[BlackElo "2405"]
[Result "0-1"]
[Round "3"]
[TimeControl "180+1"]
[Date "2023.08.15"]
[WhiteClock "0:00:33"]
[BlackClock "0:01:08"]
[Board "95"]

1. d4 g6 2. c4 Bg7 3. h4 Nf6 4. Nc3 c5 5. d5 d6 6. e4 e6 7. dxe6 Bxe6 8. Be2 Nc6 9. Nf3 O-O 10. Bf4 Re8 11. Qxd6 Qa5 12. O-O Rad8 13. Qc7 Qb4 14. Be3 Qxb2 15. Nb5 Qxe2 16. Qxb7 Nd4 17. Nbxd4 cxd4 18. Nxd4 Qxc4 19. Nc6 Rd7 20. Qb4 Qxc6 21. Rac1 Qxe4 22. Qxe4 Nxe4 23. Rc6 Bxa2 24. Ra6 Bc4 25. Rxa7 Rxa7 26. Bxa7 Bxf1 27. Kxf1 Nd2+ 28. Kg1 Re1+ 29. Kh2 Be5+ 30. g3 f5 31. f4 Re2+ 32. Kh3 Nf3 33. g4 Bxf4 34. gxf5 gxf5 0-1


[Site "https://www.chess.com"]

[Event "Titled Tuesday Blitz August 15 Late 2023"]
[White "Wafa, Shrook"]
[Black "Vovk, Orest"]
[WhiteFideId "10609970"]
[BlackFideId "14113490"]
[WhiteElo "2405"]
[BlackElo "2565"]
[Result "0-1"]
[Round "3"]
[TimeControl "180+1"]
[Date "2023.08.15"]
[WhiteClock "0:01:31"]
[BlackClock "0:00:24"]
[Board "96"]

1. e4 g6 2. d4 Nf6 3. Nc3 d5 4. exd5 Nxd5 5. Nxd5 Qxd5 6. Nf3 Bg4 7. Be2 Bg7 8. O-O O-O 9. c4 Qd6 10. Be3 Nc6 11. d5 Ne5 12. Nxe5 Bxe2 13. Qxe2 Qxe5 14. Rab1 e6 15. Rfd1 Rfd8 16. dxe6 Qxe6 17. b3 a5 18. Qf3 c6 19. h3 h6 20. Bb6 Rxd1+ 21. Rxd1 a4 22. Qd3 axb3 23. axb3 Ra1 24. Rxa1 Bxa1 25. Qe3 Qxe3 26. Bxe3 h5 27. Kf1 Kf8 28. Bc5+ Ke8 29. Ke2 Kd7 30. Ke3 Bc3 31. g4 hxg4 32. hxg4 Ke6 33. f4 f5 34. gxf5+ Kxf5 35. Kf3 Bd2 36. Bd6 b5 37. cxb5 cxb5 38. Be5 g5 39. Bc7 Bxf4 40. Bb6 g4+ 41. Kg2 Ke4 42. Bc5 Kd3 43. b4 Kc4 44. Bf8 Bd2 45. Kg3 Bxb4 46. Bh6 Bc3 47. Kxg4 b4 48. Kf3 b3 49. Bc1 Kd3 50. Kf2 Bb4 51. Bb2 Kc2 52. Be5 Bc3 53. Ke3 Bxe5 0-1


[Site "https://www.chess.com"]

[Event "Titled Tuesday Blitz August 15 Late 2023"]
[White "Figorito, Nick"]
[Black "maksimys18"]
[WhiteFideId "30923689"]
[WhiteElo "2404"]
[BlackElo "2564"]
[Result "1/2-1/2"]
[Round "3"]
[TimeControl "180+1"]
[Date "2023.08.15"]
[WhiteClock "0:00:56"]
[BlackClock "0:01:06"]
[Board "97"]

1. Nf3 e6 2. g3 d5 3. Bg2 c5 4. O-O Nc6 5. d4 Nf6 6. c4 cxd4 7. Nxd4 Be7 8. Nc3 O-O 9. cxd5 exd5 10. Bg5 Be6 11. Rc1 h6 12. Be3 Re8 13. Ncb5 a6 14. Nxc6 bxc6 15. Nd4 c5 16. Nc6 Qd7 17. Nxe7+ Rxe7 18. Bxc5 Ree8 19. Bd4 Ne4 20. Be5 Bh3 21. Bxh3 Qxh3 22. Qxd5 Ng5 23. Bf4 Rad8 24. Qg2 Qxg2+ 25. Kxg2 Rxe2 26. Bxg5 hxg5 27. Rc6 a5 28. Rc5 a4 29. Ra5 Rd4 30. b3 Rxa2 31. bxa4 g4 32. Ra8+ Kh7 33. Ra7 Kg6 34. a5 Rda4 35. Rd1 Rxa5 36. Rd6+ f6 37. Rxa5 Rxa5 38. Rd4 Kg5 39. Rc4 f5 40. Rd4 g6 41. Rc4 Rb5 42. Rd4 Ra5 43. Rc4 Rd5 44. Rb4 Ra5 45. Rc4 1/2-1/2


[Site "https://www.chess.com"]

[Event "Titled Tuesday Blitz August 15 Late 2023"]
[White "Schekachikhin, Maksim"]
[Black "Fernandez Garcia, Gumersindo"]
[WhiteFideId "24177830"]
[BlackFideId "24516740"]
[WhiteElo "2563"]
[BlackElo "2401"]
[Result "1-0"]
[Round "3"]
[TimeControl "180+1"]
[Date "2023.08.15"]
[WhiteClock "0:00:08"]
[BlackClock "0:00:02"]
[Board "98"]

1. d4 Nf6 2. Nf3 d5 3. e3 Bg4 4. c4 c6 5. Nc3 e6 6. h3 Bh5 7. Qb3 Qb6 8. c5 Qc7 9. Be2 Nbd7 10. Bd2 e5 11. Qc2 e4 12. Ng1 Bxe2 13. Ngxe2 Be7 14. b4 O-O 15. a4 b6 16. O-O a5 17. cxb6 Nxb6 18. bxa5 Nc4 19. Rfb1 Rxa5 20. Nb5 cxb5 21. Bxa5 Qxa5 22. axb5 Qb6 23. Ra6 Qb7 24. Qa4 Bd6 25. b6 Bb8 26. Qb5 h6 27. Nc3 Rc8 28. Rba1 Kh7 29. Na4 Nd6 30. Nc5 Qe7 31. Qe2 Nc4 32. b7 Rg8 33. Ra8 Qd6 34. g3 Nd7 35. Na6 Ndb6 36. Nxb8 Rxb8 37. Rxb8 Qxb8 38. Qg4 Qxb7 39. Qf5+ g6 40. Qf6 Qd7 41. h4 Qe6 42. Qd8 h5 43. Ra7 Kg7 44. Re7 Qf6 45. Qc7 Kg8 46. Re8+ Kg7 47. Rb8 Qf3 48. Qc5 Nxe3 49. Qf8+ Kf6 50. Rxb6+ Kf5 51. Qxf7+ Kg4 52. Rxg6+ Kh3 53. Qxf3 exf3 54. fxe3 1-0


[Site "https://www.chess.com"]

[Event "Titled Tuesday Blitz August 15 Late 2023"]
[White "Tsotsonava, Elene"]
[Black "Sreyas Payyappat"]
[WhiteFideId "13615939"]
[BlackFideId "46674969"]
[WhiteElo "2399"]
[BlackElo "2559"]
[Result "0-1"]
[Round "3"]
[TimeControl "180+1"]
[Date "2023.08.15"]
[WhiteClock "0:00:00"]
[BlackClock "0:01:39"]
[Board "99"]

1. e4 c6 2. d4 d5 3. exd5 cxd5 4. c4 Nf6 5. Nc3 Nc6 6. Bg5 Be6 7. a3 h6 8. Bxf6 exf6 9. Nf3 Be7 10. c5 O-O 11. Bb5 a6 12. Bd3 b6 13. b4 bxc5 14. bxc5 Qa5 15. Qd2 Rab8 16. O-O Rb3 17. Rfc1 Bg4 18. Nxd5 Qxd2 19. Nxd2 Rxd3 20. Ne4 Rxd4 21. Nxe7+ Nxe7 22. f3 Bf5 23. Nd6 Be6 24. Rab1 Rd8 25. Rb7 Nf5 26. Nxf5 Bxf5 27. c6 Rd1+ 28. Rxd1 Rxd1+ 29. Kf2 Rc1 30. c7 Be6 31. Ra7 Rc6 32. a4 Kf8 33. a5 Ke8 34. Ra8+ Kd7 35. Rg8 g6 36. Rh8 h5 0-1


[Site "https://www.chess.com"]